AoeStats
← Shredded_Pork

Arena

506406106Analyzed
4v4 RM · 19d ago on Sep 13, 2026· 44m 49s· 8 players
Game mode
Random Map
Map size
Large (8 player)
Population
200
Speed
Normal
Resources
Standard
Victory
Conquest
Starting age
Dark Age
Ending age
Imperial Age
RankedLock teamsTeams togetherTeam positionsShared explorationLock speedFull tech treeHidden civsTurbo modeCheats
Victory
Defeat
🇳🇱 Romans · Netherlands
890
+10
🇨🇴 Bohemians · Colombia
884
+11
🇺🇸 Ethiopians · United States
749
+16
🇹🇷 Bulgarians · Türkiye
720
+17
🇨🇿 Turks · Czechia
816
-16
🇭🇰 Mongols · Hong Kong SAR China
777
-30
🇨🇳 Persians · China
757
-14
🇨🇳 Teutons · China
671
-10
amx™ (SPREAD LOVE)
12:37 Feudal Age
14:53 Double-Bit Axe
20:43 Castle Age
20:15 Stone Mining
John Rambo
4:14 Loom
10:15 Feudal Age
10:49 Double-Bit Axe
10:46 Horse Collar
17:44 Castle Age
19:31 Gold Mining
20:09 Bow Saw
20:47 Stone Mining
27:09 Wheelbarrow
31:21 Imperial Age
29:26 Fortified Wall
30:21 Ballistics
30:40 Hand Cart
30:24 Fletching
30:34 Padded Archer Armor
30:40 Padded Archer Armor
31:21 Bodkin Arrow
31:24 Murder Holes
32:43 Conscription
32:49 Drill
32:38 Heavy Plow
32:54 Elite Mangudai
33:50 Husbandry
34:00 Bloodlines
34:18 Bloodlines
34:13 Bracer
34:38 Leather Archer Armor
35:25 Parthian Tactics
37:29 Chemistry
35:58 Capped Ram
37:09 Siege Ram
Shredded_Pork
10:30 Feudal Age
10:53 Double-Bit Axe
10:51 Horse Collar
19:59 Castle Age
21:04 Bow Saw
21:02 Heavy Plow
22:01 Stone Mining
22:02 Gold Mining
23:46 Stone Shaft Mining
27:46 Gold Shaft Mining
32:34 Imperial Age
31:38 Wheelbarrow
31:18 Kamandaran
32:52 Husbandry
33:03 Bloodlines
33:27 Thumb Ring
32:43 Crossbowman
33:32 Cavalier
34:38 Conscription
35:50 Scale Barding Armor
35:55 Forging
35:46 Scale Mail Armor
36:04 Hand Cart
36:51 Two-Man Saw
36:24 Crop Rotation
zero
3:45 Loom
12:44 Feudal Age
14:10 Horse Collar
14:22 Double-Bit Axe
19:04 Castle Age
18:25 Stone Mining
18:30 Gold Mining
19:28 Wheelbarrow
26:22 Hand Cart
26:51 Stone Shaft Mining
26:48 Heavy Plow
27:01 Bow Saw
29:48 Squires
29:53 Scale Mail Armor
31:38 Bloodlines
34:02 Imperial Age
34:01 Ballistics
34:16 Ironclad
34:06 Gambesons
33:44 Pikeman
34:11 Arson
34:45 Elite Teutonic Knight
36:34 Chemistry
36:34 Conscription
35:39 Cavalier
35:43 Halberdier
37:11 Chain Mail Armor
37:09 Forging
37:30 Fletching
39:51 Two-Man Saw
39:24 Crop Rotation
38:38 Paladin
41:07 Bodkin Arrow
41:05 Arrowslits
CamoTheWolf
10:24 Feudal Age
10:53 Double-Bit Axe
10:49 Horse Collar
11:55 Wheelbarrow
19:02 Castle Age
20:46 Bow Saw
21:47 Hand Cart
23:29 Man-at-Arms
24:27 Heavy Plow
26:09 Town Watch
27:23 Long Swordsman
30:35 Forging
30:26 Scale Mail Armor
32:58 Imperial Age
30:52 Ballistas
31:31 Squires
32:09 Iron Casting
31:42 Caravan
33:21 Chain Mail Armor
33:31 Legionary
33:43 Heavy Scorpion
34:40 Gold Mining
34:40 Stone Mining
35:58 Crop Rotation
37:11 Conscription
43:20 Blast Furnace
42:29 Scale Barding Armor
44:34 Siege Engineers
44:50 Ballistics
44:36 Elite Centurion
45:36 Comitatenses
MoncusJBAJ
11:23 Feudal Age
16:04 Castle Age
16:17 Double-Bit Axe
16:19 Horse Collar
18:49 Bow Saw
24:08 Fletching
27:18 Padded Archer Armor
27:14 Crossbowman
28:00 Thumb Ring
33:27 Imperial Age
30:49 Loom
31:40 Wheelbarrow
32:24 Bodkin Arrow
32:44 Leather Archer Armor
32:51 Ballistics
32:50 Caravan
34:08 Arbalester
35:05 Town Watch
35:37 Hand Cart
35:31 Bracer
36:01 Ring Archer Armor
35:01 Onager
36:01 Heavy Plow
38:16 Chemistry
37:13 Murder Holes
37:25 Siege Engineers
37:35 Gold Mining
38:50 Two-Man Saw
39:50 Torsion Engines
41:05 Siege Onager
MHPL
0:28 Loom
11:55 Feudal Age
13:27 Double-Bit Axe
13:43 Horse Collar
19:52 Castle Age
21:19 Wheelbarrow
20:29 Town Watch
32:53 Hand Cart
32:38 Town Patrol
38:09 Heavy Plow
38:23 Bow Saw
39:19 Caravan
39:49 Coinage
39:31 Forging
39:21 Scale Mail Armor
39:27 Scale Barding Armor
39:12 Fletching
39:22 Padded Archer Armor
39:24 Husbandry
39:34 Bloodlines
38:52 Elite Skirmisher
40:14 Pikeman
40:54 Squires
40:40 Arson
41:04 Thumb Ring
44:10 Imperial Age
42:25 Iron Casting
42:05 Chain Mail Armor
42:10 Chain Barding Armor
44:02 Chain Barding Armor
43:57 Leather Archer Armor
43:37 Bodkin Arrow
43:38 Gold Mining
43:38 Stone Mining
44:14 Ballistics
44:15 Halberdier
DeadpanFox71524
13:07 Feudal Age
16:40 Castle Age
16:40 Double-Bit Axe
25:51 Wheelbarrow
25:07 Town Watch
25:42 Loom
27:55 Bow Saw
28:20 Hand Cart
31:57 Imperial Age
29:56 Padded Archer Armor
29:46 Fletching
29:56 Horse Collar
31:45 Chemistry
30:36 Elite Skirmisher
31:16 Bodkin Arrow
31:36 Leather Archer Armor
31:56 Ballistics
31:18 Treadmill Crane
31:56 Town Patrol
34:42 Pikeman
35:24 Squires
35:10 Arson
35:41 Halberdier
37:02 Forging
36:53 Scale Mail Armor
37:25 Ring Archer Armor
36:56 Bracer
37:00 Houfnice
40:21 Siege Engineers
40:27 Fortified Wall
40:14 Murder Holes
40:32 Masonry
45:56 Iron Casting
45:37 Chain Mail Armor
Connection lost

Rejoining the realm…

Still unreachable

The connection could not be restored.

Session expired

The server has moved on; the page needs a fresh start.